Map: Romanticide LE

Players

MissFanta (ThuocLao)

  • Race: Protoss Protoss
  • League: Grandmaster
  • Spawn Location: 5:00

RiSky - Winner!

  • Race: Zerg Zerg
  • Spawn Location: 11:00

Event: DreamHack SC2 Masters 2020 Winter

VOD

Have the link to the VOD?

Description

Time

  • Played on: Oct. 18, 2020, 3:25 a.m.
  • Length: 17:15

All games in this series

Show
View Real Time Build Order
Export as new Build Order

MissFanta Protoss 

Build Orders: 1 Gate Expand, Archon Immortal, Archon Drop, Dark Templar Rush 

Get SALT Encoding   

  12  0:00  Probe  
  13  0:14  Pylon  
  13  0:18  Probe  
  14  0:30  Probe (Chrono Boost)  
  15  0:37  Gateway  
  15  0:40  Probe (Chrono Boost)  
  16  0:46  Probe  
  17  0:50  Assimilator  
  17  0:58  Probe  
  18  1:13  Probe  
  19  1:25  Probe  
  20  1:33  Nexus  
  20  1:40  Cybernetics Core  
  20  1:43  Probe  
  21  1:48  Assimilator  
  21  1:54  Pylon  
  21  1:57  Probe  
  22  2:09  Probe  
  22  2:13  Adept (Chrono Boost)  
  23  2:17  Warp Gate  
  23  2:21  Probe  
  26  2:29  Twilight Council  
  26  2:35  Stalker (Chrono Boost)  
  29  2:37  Probe (Chrono Boost)  
  28  2:45  Probe (Chrono Boost)  
  30  2:55  Probe x2 (Chrono Boost)  
  31  3:01  Probe (Chrono Boost)  
  32  3:08  Dark Shrine  
  30  3:15  Probe  
  30  3:16  Probe  
  30  3:17  Adept  
  35  3:28  Probe x2 (Chrono Boost)  
  35  3:30  Gateway  
  35  3:33  Robotics Facility  
  36  3:40  Probe (Chrono Boost)  
  38  3:44  Probe (Chrono Boost)  
  38  3:46  Gateway, Probe (Chrono Boost)  
  39  3:51  Probe  
  39  3:54  Gateway  
  40  3:57  Probe  
  41  4:03  Probe  
  41  4:07  Pylon  
  41  4:09  Probe  
  43  4:15  Probe  
  44  4:17  Adept  
  44  4:24  Assimilator, Warp Prism (Chrono Boost)  
  46  4:26  Assimilator  
  46  4:29  Pylon  
  48  4:33  Probe  
  49  4:43  Probe  
  49  4:44  Dark Templar x2  
  54  4:48  Dark Templar  
  54  4:49  Probe  
  57  4:54  Charge (Chrono Boost)  
  57  4:59  Probe  
  56  5:00  Pylon  
  56  5:02  Pylon  
  56  5:06  Observer  
  57  5:13  Probe  
  58  5:18  Probe  
  59  5:24  Gateway  
  59  5:25  Gateway, Probe  
  60  5:31  Dark Templar  
  60  5:33  Archon  
  60  5:36  Dark Templar  
  60  5:37  Archon  
  60  5:39  Zealot x2, Immortal (Chrono Boost)  
  70  5:47  Probe  
  71  5:52  Pylon  
  71  5:56  Pylon  
  71  6:01  Zealot x2  
  75  6:09  Sentry  
  75  6:11  Sentry  
  79  6:16  Immortal (Chrono Boost)  
  83  6:21  Probe  
  83  6:24  Zealot  
  86  6:33  Pylon  
  86  6:35  Nexus  
  86  6:36  Probe x2  
  88  6:41  Zealot x3  
  88  6:44  Pylon  
  88  6:45  Pylon  
  94  6:51  Probe  
  95  6:56  Zealot, Sentry x2  
  95  6:58  Probe  
  95  7:01  Forge  
  102  7:04  Probe  
  102  7:07  Immortal (Chrono Boost)  
  102  7:11  Stalker  
  102  7:12  Sentry  
  102  7:14  Probe  
  111  7:18  Pylon  
  111  7:22  Probe  
  112  7:27  Sentry x2  
  116  7:32  Shield Battery  
  116  7:36  Immortal (Chrono Boost)  
  116  7:38  Probe  
  116  7:39  Shield Battery  
  116  7:43  Pylon  
  121  7:45  Protoss Ground Weapons Level 1  
  121  7:50  Stalker  
  123  7:51  Stalker  
  125  7:58  Robotics Bay  
  125  8:04  Probe x2  
  125  8:05  Probe  
  128  8:08  Stalker x3  
  128  8:11  Observer  
  135  8:16  Pylon, Probe  
  135  8:17  Probe  
  137  8:22  Probe  
  138  8:28  Probe  
  138  8:32  Gateway  
  138  8:33  Gateway  
  139  8:34  Assimilator, Immortal (Chrono Boost)  
  139  8:38  Assimilator  
  139  8:39  Probe  
  144  8:45  Stalker x2  
  148  8:50  Photon Cannon  
  148  9:02  Observer  
  148  9:05  Gateway  
  148  9:06  Colossus, Gateway  
  154  9:11  Observer  
  154  9:15  Pylon  
  154  9:17  Pylon  
  154  9:19  Pylon x2  
  154  9:21  Pylon  
  154  9:26  Blink  
  154  9:33  Extended Thermal Lance (Chrono Boost)  
  153  9:40  Nexus, Robotics Facility  
  153  9:43  Shield Battery  
  153  9:45  Shield Battery  
  153  9:54  Photon Cannon  
  153  9:56  Photon Cannon  
  153  9:58  Stalker  
  153  9:59  Stalker  
  153  10:11  Stalker  
  153  10:12  Stalker, Dark Templar x2  
  155  10:18  Dark Templar  
  155  10:19  Dark Templar, Zealot x2  
  135  10:32  Stalker x2  
  135  10:33  Stalker  
  107  10:45  Archon  
  107  10:49  Probe  
  104  10:50  Photon Cannon  
  104  10:53  Colossus x2 (Chrono Boost)  
  114  10:58  Dark Templar  
  114  10:59  Dark Templar  
  114  11:00  Probe x3  
  121  11:05  Archon  
  121  11:10  Stalker x3  
  127  11:12  Probe  
  127  11:15  Sentry  
  127  11:18  Pylon  
  130  11:24  Gateway, Sentry  
  132  11:26  Protoss Ground Weapons Level 2  
  132  11:38  Probe  
  132  11:39  Shield Battery  
  133  11:40  Dark Templar  
  133  11:43  Shield Battery  
  135  11:47  Stalker  
  135  11:48  Stalker x2  
  123  11:59  Stalker  
  123  12:00  Stalker x5  
  118  12:10  Sentry  
  118  12:11  Sentry  
  122  12:17  Nexus  
  122  12:22  Pylon  
  122  12:24  Probe  
  122  12:26  Photon Cannon  
  122  12:27  Shield Battery  
  123  12:34  Pylon  
  123  12:35  Dark Templar x2  
  127  12:37  Zealot x2  
  134  12:53  Disruptor (Chrono Boost), Probe  
  134  12:54  Disruptor (Chrono Boost)  
  134  12:56  Shield Battery  
  134  12:57  Stalker x2  
  142  13:01  Sentry  
  142  13:03  Shield Battery  
  144  13:09  Sentry  
  146  13:20  Zealot x5  
  146  13:21  Zealot  
  146  13:27  Archon  
  158  13:30  Stalker x2  
  160  13:37  Stalker  
  152  13:42  Stalker, Pylon  
  147  13:50  Stalker  
  147  13:51  Stalker  
  147  13:52  Stalker  
  147  13:53  Stalker  
  155  14:00  Disruptor x2 (Chrono Boost)  
  161  14:07  Sentry  
  163  14:10  Assimilator  
  163  14:13  Sentry  
  163  14:14  Assimilator  
  165  14:19  Nexus, Zealot  
  165  14:20  Zealot x2  
  171  14:25  Zealot x2  
  171  14:30  Observer (Chrono Boost)  
  175  14:37  Stalker x2  
  159  14:52  Stalker x4  
  136  15:10  Stalker x2  
  138  15:24  Stalker  
  138  15:28  Probe x3  
  143  15:37  Pylon  
  143  15:38  Probe  
  143  15:39  Observer  
  145  15:55  Zealot  
  145  15:56  Dark Templar  
  146  16:02  Dark Templar  
  138  16:11  Probe x2  
  138  16:12  Probe  
  118  16:23  Probe  
Show
View Real Time Build Order
Export as new Build Order

RiSky Zerg - Winner!

Build Orders: Hatch First 

Get SALT Encoding   

  12  0:00  Drone  
  13  0:12  Overlord  
  13  0:17  Drone  
  14  0:30  Drone  
  14  0:31  Drone  
  16  0:49  Hatchery  
  15  0:51  Drone  
  15  0:55  Drone  
  17  0:59  Drone  
  18  1:09  Extractor  
  17  1:14  Spawning Pool  
  17  1:17  Drone  
  17  1:21  Drone  
  18  1:28  Drone  
  19  1:39  Drone  
  20  1:49  Overlord  
  20  2:01  Queen x2, Zergling x2  
  22  2:02  Zergling x2  
  26  2:11  Drone x2  
  26  2:13  Metabolic Boost  
  28  2:22  Drone  
  29  2:23  Drone  
  30  2:34  Drone x2  
  32  2:42  Hatchery  
  31  2:46  Queen  
  33  2:51  Overlord  
  33  2:56  Zergling x2  
  34  2:59  Drone  
  34  3:05  Drone  
  35  3:13  Drone x2  
  35  3:15  Drone x3  
  35  3:19  Overlord  
  39  3:21  Drone  
  40  3:27  Roach Warren  
  40  3:29  Drone  
  40  3:34  Overlord  
  40  3:38  Drone, Extractor  
  40  3:42  Drone  
  40  3:46  Queen  
  40  3:47  Drone x2  
  45  3:50  Zergling x4  
  47  3:56  Overlord  
  47  4:00  Overlord  
  47  4:03  Spore Crawler  
  47  4:05  Spore Crawler  
  47  4:08  Roach x2  
  49  4:14  Spore Crawler  
  49  4:15  Roach x2  
  52  4:21  Roach  
  52  4:22  Roach  
  56  4:25  Lair  
  56  4:29  Roach  
  58  4:32  Roach  
  58  4:33  Zergling x2  
  58  4:37  Zergling x4  
  63  4:41  Drone x2  
  65  4:46  Overlord  
  65  4:47  Drone  
  65  4:50  Drone  
  66  4:55  Drone  
  66  4:56  Drone x3  
  69  5:00  Drone  
  69  5:01  Drone  
  69  5:02  Drone  
  69  5:05  Drone  
  69  5:06  Drone  
  73  5:09  Overlord  
  73  5:11  Extractor  
  73  5:13  Drone  
  73  5:16  Evolution Chamber  
  73  5:19  Overlord  
  72  5:21  Drone  
  72  5:22  Overseer  
  72  5:25  Glial Reconstitution  
  73  5:29  Drone  
  73  5:30  Drone  
  73  5:31  Drone  
  73  5:33  Roach x2  
  80  5:37  Roach  
  80  5:38  Overlord  
  80  5:41  Roach x2  
  86  5:46  Overlord  
  86  5:52  Overlord  
  86  5:53  Drone x4  
  86  5:56  Overlord  
  86  5:57  Overlord  
  90  6:00  Roach  
  92  6:04  Zerg Missile Weapons Level 1  
  92  6:07  Roach x2  
  92  6:11  Roach x2  
  100  6:16  Roach x3  
  106  6:24  Roach x4  
  112  6:34  Overlord x2  
  112  6:40  Roach x5  
  112  6:45  Overlord  
  122  6:47  Extractor x2  
  122  6:48  Extractor  
  122  6:52  Drone x6  
  125  6:55  Baneling Nest  
  125  6:58  Drone x2  
  126  7:04  Drone x3, Queen  
  126  7:07  Drone  
  132  7:08  Roach x2  
  140  7:15  Roach x2  
  140  7:16  Roach  
  140  7:20  Drone x2  
  144  7:26  Drone  
  144  7:27  Drone  
  146  7:33  Overlord  
  146  7:34  Overlord  
  146  7:38  Overlord  
  146  7:42  Overlord  
  146  7:43  Overlord  
  146  7:46  Centrifical Hooks  
  146  7:49  Overlord  
  146  7:55  Hatchery  
  145  7:59  Zergling x18  
  145  8:01  Zerg Melee Weapons Level 1  
  154  8:08  Zergling x2  
  155  8:13  Zergling x4  
  155  8:17  Spire  
  156  8:20  Zergling x6  
  156  8:21  Zergling x8  
  162  8:27  Drone  
  162  8:29  Drone x2  
  161  8:34  Drone x2, Roach  
  161  8:37  Drone  
  166  8:43  Ravager x4  
  166  8:46  Drone x2  
  166  8:48  Drone x2  
  174  8:49  Drone x4  
  174  8:50  Drone  
  174  8:53  Overlord  
  179  8:58  Overlord  
  179  9:03  Drone  
  179  9:06  Drone  
  181  9:10  Unknown  
  181  9:13  Ravager x3  
  181  9:14  Zergling x12  
  181  9:15  Baneling x4  
  181  9:16  Baneling x14  
  188  9:18  Zergling x12  
  188  9:22  Hatchery  
  193  9:28  Zergling x8, Ravager  
  193  9:31  Zergling x2  
  198  9:39  Zergling x2  
  198  9:41  Baneling x6  
  198  9:42  Baneling x15  
  198  9:45  Zerg Flyer Weapons Level 1  
  199  9:49  Pneumatized Carapace, Overseer  
  199  9:52  Overlord x2  
  199  9:55  Infestation Pit  
  199  9:59  Zergling x6  
  199  10:00  Baneling x3  
  199  10:01  Baneling x13  
  195  10:09  Zergling x12  
  195  10:26  Zergling x28  
  185  10:29  Zergling x2  
  185  10:33  Zergling x2  
  185  10:35  Roach  
  176  10:41  Roach x3  
  174  10:47  Roach x6  
  181  10:51  Hive  
  181  10:52  Zerg Melee Weapons Level 2  
  181  10:54  Roach x2  
  184  10:57  Ravager x3  
  184  11:00  Overseer x2  
  184  11:02  Spore Crawler  
  186  11:04  Drone x5  
  186  11:06  Baneling x3  
  186  11:07  Baneling x15, Overseer  
  186  11:11  Baneling x7, Hatchery  
  190  11:12  Drone x2  
  190  11:15  Drone x2  
  190  11:18  Spore Crawler  
  193  11:19  Drone  
  193  11:24  Zergling x12  
  199  11:51  Zergling x20  
  194  11:58  Zergling x20  
  191  12:05  Zergling x10  
  182  12:13  Adrenal Glands, Viper x2  
  187  12:24  Zergling x20  
  187  12:26  Baneling x10  
  187  12:27  Baneling x18  
  196  12:30  Extractor, Zergling x4  
  196  12:31  Extractor  
  193  12:38  Zergling x12  
  199  12:53  Spine Crawler  
  199  12:54  Spine Crawler  
  197  13:07  Zerg Missile Weapons Level 2  
  197  13:18  Hydralisk Den, Zergling x24  
  199  13:22  Baneling x23  
  199  13:23  Baneling x7  
  197  13:35  Zergling x10  
  197  13:44  Zergling x6  
  197  13:46  Baneling x3  
  197  13:47  Baneling x18  
  195  13:55  Zergling x16  
  193  14:12  Muscular Augments  
  193  14:13  Lurker Den  
  192  14:24  Greater Spire  
  193  14:31  Zergling x16  
  190  14:43  Zergling x24  
  190  14:47  Hydralisk x5  
  185  15:03  Zergling x30  
  189  15:11  Zergling x14  
  191  15:15  Lurker x2  
  191  15:16  Lurker x3  
  191  15:18  Zergling x6  
  198  15:23  Grooved Spines  
  198  15:24  Zergling x2  
  198  15:25  Zergling x2  
  198  15:27  Seismic Spines  
  199  15:31  Spore Crawler  
  199  15:33  Baneling x10  
  199  15:34  Baneling x3  
  199  15:35  Baneling x22  
  198  15:36  Baneling x3  
  198  15:37  Baneling x9  
  198  15:48  Extractor  
  198  15:49  Extractor  
  189  16:08  Zergling x26  
  199  16:16  Zergling x16  
  193  16:18  Zergling x6  
  193  16:19  Zergling x4  
  193  16:24  Zergling x8  
  176  16:27  Roach x2  
  176  16:28  Roach  
  176  16:32  Roach x6  
  165  16:40  Hydralisk x4  
  165  16:45  Hydralisk x2  
Tags
 
Add a new tag
Caveats
  • Supply blocks, unpowered buildings, or Contaminate may cause inaccurate times.
  • Supply counts are checked every 10 seconds.